 Dungeon Crawl Stone Soup version 0.17-a0-1-g1f4be75 (webtiles) character file.

50055 dysrexia the Brawler (level 14, -4/148 HPs)
             Began as a Troll Chaos Knight on Mar 3, 2015.
             Slain by an orc warrior
             ... wielding a +0 battleaxe
              (31 damage)
             ... on level 4 of the Orcish Mines.
             The game lasted 01:20:56 (15771 turns).

dysrexia the Brawler (Troll Chaos Knight)          Turns: 15771, Time: 01:20:58

Health: -4/148     AC: 10    Str: 31    XL:     14   Next: 18%
Magic:  5/5        EV: 20    Int: 10    God:    Xom [*.....]
Gold:   1894       SH:  0    Dex: 16    Spells: 1 memorised, 9 levels left

rFire  . . .     SeeInvis .       - Unarmed
rCold  + + .     Clarity  +     V - +2 robe {rC+}
rNeg   . . .     SustAb   .     (shield restricted)
rPois  .         Gourm    +     t - +0 hat of the Worm {Str+7 Stlth-}
rElec  .         Spirit   .     (no cloak)
rCorr  .         Warding  .     (gloves unavailable)
rMut   .         Stasis   .     (boots unavailable)
MR     +++..                    K - amulet of clarity
Stlth  +.........               N - +5 ring of evasion
                                J - ring of protection from magic

@: lethally poisoned (-4 -> -4), very slightly contaminated, extremely resistant
to hostile enchantments, very unstealthy
A: unfitting armour, claws 3, hooves 1, rugged brown scales 1, thin metallic
scales 1, thin skeletal structure 1, agile 1, clever 1, cold resistance 1, fast
metabolism 3, gourmand, magic resistance 1, sense surroundings 1, regeneration
2, shaggy fur 1, tough skin 2
a: Renounce Religion


You were on level 4 of the Orcish Mines.
You worshipped Xom.
You were a special plaything of Xom.
You were full.

You visited 3 branches of the dungeon, and saw 23 of its levels.
You also visited: Sewer and Bailey.

You collected 2362 gold pieces.
You spent 468 gold pieces at shops.

Inventory:

Hand weapons
 f - a +0 blowgun
 M - a +3 scimitar of flaming
Missiles
 l - a throwing net (quivered)
 m - 7 curare-tipped needles
Armour
 t - the +0 hat of the Worm (worn) {Str+7 Stlth-}
   (You acquired it on level 1 of the Lair of Beasts)

   It affects your strength (+7).
   It makes you less stealthy.
 V - a +2 robe of cold resistance (worn)
Jewellery
 g - an uncursed ring of teleport control
 h - an uncursed ring of poison resistance
 p - an uncursed ring of fire
 J - a ring of protection from magic (left claw)
 K - an amulet of clarity (around neck)
 N - a +5 ring of evasion (right claw)
 Q - an uncursed ring of positive energy
 X - an uncursed amulet of stasis
Magical devices
 F - a wand of digging (0)
 O - a wand of disintegration (14)
Scrolls
 e - 7 scrolls of teleportation
 i - a scroll of summoning
 j - a scroll of fog
 v - 7 scrolls of remove curse
 D - 9 scrolls of identify
 E - 5 scrolls of magic mapping
 G - 3 scrolls of recharging
 L - 2 scrolls of silence
 S - a scroll of fear
Potions
 b - 2 potions of heal wounds
 c - 2 potions of magic
 k - 8 potions of curing
 n - a potion of cure mutation
 o - 3 potions of might
 r - 7 potions of brilliance
 u - 3 potions of restore abilities
 P - a potion of invisibility
Miscellaneous
 x - a phantom mirror
Comestibles
 a - 14 meat rations
 d - 3 royal jellies
 q - 2 slices of pizza
 s - 5 beef jerkies
 z - 9 bread rations
 Y - 10 fruits


   Skills:
 + Level 10.9 Fighting
 + Level 3.6 Armour
 + Level 8.3 Dodging
 - Level 18.0 Unarmed Combat


You had 9 spell levels left.
You knew the following spells:

 Your Spells              Type           Power        Failure   Level  Hunger
a - Control Teleport      Chrm/Tloc      #.........   100%        4    #####..


Dungeon Overview and Level Annotations

Branches:
Dungeon (11/15)            Temple (0/1) D:7            Lair (8/8) D:9
 Shoals (0/5) Lair:4       Spider (0/5) Lair:6        Slime (0/6) Lair:6
    Orc (4/4) D:11            Elf (0/3) Orc:4

Altars:
Makhleb
Okawaru
Sif Muna
Trog
Vehumet
The Shining One
Beogh

Shops:
D:4 %   D:5 ?   D:7 *   Orc:4 %?

Annotations:
Lair:6 exclusion: 2 oklob plants


Innate Abilities, Weirdness & Mutations

You are too large for most types of armour.
You have claws for hands.
Your metabolism is lightning-fast.
You like to eat raw meat.
You heal very quickly.
You are covered in fur (AC +1).
You have very tough skin (AC +2).
You have large cloven feet.
You are partially covered in rugged brown scales (AC +1, +3% HP).
You are partially covered in thin metallic scales (AC +2).
You have a somewhat thin skeletal structure (Dex +2, Stealth).
You are agile. (Dex +2)
Your mind is acute. (Int +2)
Your flesh is cold resistant.
You are resistant to hostile enchantments.
You passively map a small area around you.


Message History

You feel sick.
Evoke which item? (* to show all) (? for menu, Esc to quit)
That item cannot be evoked!
The orc priest's eyes start to glow.
The orc warrior misses you.
You closely miss the orc warrior.
You kick the orc warrior, but do no damage.
The orc warrior is heavily wounded.
The orc warrior barely misses you.
You closely miss the orc warrior.
You kick the orc warrior, but do no damage.
The orc warrior is heavily wounded.
You feel sick.
You claw the orc warrior!
The orc warrior begins to bleed from its wounds!
You kick the orc warrior, but do no damage.
Your claw misses the orc warrior.
The orc warrior is almost dead.
The orc warrior hits you with a battleaxe!!
You die...

## #.## ###...* #### ##....#
###..## ##....# ##.....# #####
##.....# ##......###...## ##
#.#.#[####.#).....#.....##.##
.......#...........#....#...# #
......#....##)..@..........# ##
..........##[))..o........## ##∩
.#.#.....##)#÷))...........# ##..
....#...##...)#[o..........###..#
##..##.........)..........###.)[)
##...#.......))..........###((.#[
#.......................###.o..).
#.....................####o.#.#..
..........#...........###(.##....


You could see an orc warrior (bleeding) and an orc priest.

Vanquished Creatures
  Josephine (Orc:4)
  Fannar (Lair:1)
  A centaur warrior (D:9)
  A hydra (D:9)
  Erica (Lair:2)
  A death yak (Lair:7)
  An orc high priest (Orc:4)
  12 spriggans (Lair:8)
  A sea snake (Lair:8)
  An ice devil (Orc:4)
  2 unseen horrors
  3 orc knights
  The ghost of dysrexia the Arsonist, an experienced OpFE (D:8)
  2 wolf spiders (Lair:6)
  A hill giant (D:11)
  2 orc sorcerers
  A necromancer (D:9)
  An ugly thing (D:11)
  8 elephants
  5 black mambas
  A torpor snail (Lair:7)
  11 spiny frogs
  A gargoyle (D:9)
  4 fire drakes
  A spriggan druid (Lair:8)
  6 komodo dragons
  A red devil (Orc:4)
  A merfolk (D:9)
  3 polar bears
  A troll (Orc:4)
  4 blink frogs (Lair:7)
  A blue devil (Orc:4)
  A boulder beetle (Lair:6)
  5 basilisks
  A two-headed ogre (D:8)
  47 yaks
  A wyvern (D:9)
  3 redbacks
  4 wraiths
  A steam dragon (Lair:5)
  9 hippogriffs
  16 wolves (Lair:8)
  9 water moccasins
  2 wargs (Orc:2)
  19 orc warriors
  10 porcupines
  2 sky beasts
  5 black bears
  A spider (Lair:6)
  2 wasps (Lair:8)
  3 ice beasts
  A wasp (shapeshifter) (D:11)
  9 ogres
  2 boring beetles
  2 centaurs
  2 big kobolds
  12 crocodiles
  10 giant frogs
  A gnoll sergeant (D:9)
  4 scorpions
  3 killer bees (D:11)
  A crimson imp (D:5)
  4 wights (D:7)
  5 quasits
  3 goliath beetles
  2 jellies
  23 orc priests
  A giant frog skeleton (D:5)
  2 centaur skeletons
  11 hounds
  16 orc wizards
  7 iguanas
  5 worker ants
  12 sheep
  A hound zombie (D:5)
  A hound skeleton (D:9)
  3 gnolls (Bailey)
  15 adders
  55 river rats
  2 shadow imps (D:8)
  4 worms
  4 giant mites (D:5)
  An adder zombie (D:10)
  4 giant geckos
  6 oozes
  118 orcs
  2 ball pythons (D:5)
  A bat skeleton (D:6)
  A bat zombie (D:6)
  27 hobgoblins
  8 jackals
  23 kobolds
  13 quokkas
  15 bats
  4 giant cockroaches
  A giant gecko skeleton (D:9)
  12 giant newts
  28 goblins
  A jackal zombie (D:6)
  10 rats
  30 ballistomycetes
  A plant (Lair:4)
752 creatures vanquished.

Vanquished Creatures (collateral kills)
  An orc sorcerer (Orc:2)
  A basilisk (Lair:5)
  An orc warrior (Orc:2)
  An ufetubus (Lair:1)
  3 orcs (Orc:2)
  A goblin (Orc:2)
8 creatures vanquished.

Vanquished Creatures (others)
  A spiny frog (Lair:6)
  A porcupine (D:9)
  An iguana (Lair:5)
  4 crimson imps
  2 quasits
  An orc wizard (Orc:4)
  2 shadow imps
  3 white imps
  2 ufetubi
  4 orcs
  3 giant spores
  A ballistomycete (D:9)
25 creatures vanquished.

Grand Total: 785 creatures vanquished

Notes
Turn   | Place    | Note
--------------------------------------------------------------
     0 | D:1      | dysrexia, the Troll Chaos Knight, began the quest for the Orb.
     0 | D:1      | Reached XP level 1. HP: 22/22 MP: 1/1
   194 | D:1      | XOM: harmless Tloc miscast
   296 | D:1      | Reached XP level 2. HP: 29/29 MP: 1/1
   401 | D:2      | Reached skill level 4 in Unarmed Combat
   555 | D:2      | Reached XP level 3. HP: 34/36 MP: 2/2
   571 | D:2      | XOM: colour smoke trail
   682 | D:2      | XOM: harmless Air miscast
   696 | D:2      | XOM: mild Erth miscast
   927 | D:3      | Noticed a scorpion
   940 | D:3      | XOM: summons 3 friendly demons
   943 | D:3      | Killed a scorpion
   943 | D:3      | Reached skill level 5 in Unarmed Combat
   943 | D:3      | Reached XP level 4. HP: 23/44 MP: 2/2
  1051 | D:3      | XOM: 2-stop teleportation journey
  1094 | D:3      | XOM: divination: detect items
  1317 | D:4      | Found an iron altar of Okawaru.
  1358 | D:4      | Reached XP level 5. HP: 50/50 MP: 2/2
  1457 | D:4      | Found Pnanakun's Food Shop.
  1597 | D:4      | Reached skill level 6 in Unarmed Combat
  1601 | D:4      | XOM is BORED!
  1601 | D:4      | XOM: harmless Pois miscast
  1703 | D:5      | Entered Level 5 of the Dungeon
  1781 | D:5      | Found a glowing drain.
  1801 | Sewer    | Entered a sewer
  1821 | Sewer    | Reached XP level 6. HP: 28/59 MP: 3/3
  1877 | Sewer    | XOM: potion effect (haste)
  1880 | Sewer    | Reached skill level 7 in Unarmed Combat
  1903 | Sewer    | Found a white marble altar of Elyvilon.
  2060 | D:5      | XOM: confuse monster(s)
  2065 | D:5      | XOM: harmless Air miscast
  2072 | D:5      | Reached skill level 8 in Unarmed Combat
  2074 | D:5      | Found a burning altar of Makhleb.
  2095 | D:5      | XOM: harmless Hex miscast
  2103 | D:5      | Reached XP level 7. HP: 62/66 MP: 3/3
  2215 | D:5      | Noticed an orc warrior
  2225 | D:5      | XOM: potion effect (agility)
  2228 | D:5      | Noticed a centaur
  2234 | D:5      | XOM: potion effect (invisibility)
  2235 | D:5      | Killed an orc warrior
  2240 | D:5      | XOM: mild Chrm miscast
  2251 | D:5      | Reached skill level 9 in Unarmed Combat
  2270 | D:5      | Killed a centaur
  2300 | D:5      | Found Psutt's Magic Scroll Shop.
  2338 | D:5      | XOM: mild Pois miscast
  2341 | D:5      | XOM: enchant monster (bad)
  2348 | D:5      | Bought a scroll of identify for 24 gold pieces
  2348 | D:5      | Bought a scroll of teleportation for 36 gold pieces
  2348 | D:5      | Bought a scroll of teleportation for 36 gold pieces
  2348 | D:5      | Bought a scroll of teleportation for 36 gold pieces
  2348 | D:5      | Bought a scroll of identify for 24 gold pieces
  2393 | D:5      | XOM: medium Conj miscast
  2527 | D:6      | Reached XP level 8. HP: 65/74 MP: 3/3
  2560 | D:6      | XOM: noise
  2703 | D:6      | Reached skill level 10 in Unarmed Combat
  3014 | D:6      | XOM: harmless Pois miscast
  3138 | D:7      | Reached skill level 11 in Unarmed Combat
  3155 | D:7      | XOM: silly message
  3368 | D:7      | Found Praikug's General Store.
  3587 | D:7      | Found a staircase to the Ecumenical Temple.
  3685 | D:8      | Reached XP level 9. HP: 76/80 MP: 4/4
  3736 | D:8      | XOM: divination: detect creatures
  3740 | D:8      | Reached skill level 12 in Unarmed Combat
  3791 | D:8      | Noticed dysrexia's ghost (experienced OpFE)
  3804 | D:8      | XOM: harmless Ice miscast
  3811 | D:8      | Killed dysrexia's ghost
  3912 | D:8      | Found a glowing golden altar of the Shining One.
  3919 | D:8      | XOM: summons 4 hostile demons
  4052 | D:8      | Reached skill level 13 in Unarmed Combat
  4109 | D:8      | XOM: summons friendly crimson imp
  4325 | D:9      | Found a flagged portal.
  4340 | Bailey   | Entered a bailey
  4352 | Bailey   | XOM: enchant monster (bad)
  4464 | Bailey   | XOM: harmless Hex miscast
  4502 | Bailey   | XOM: silly message
  4613 | Bailey   | Noticed an orc knight
  4618 | Bailey   | XOM: potion effect (might)
  4622 | Bailey   | XOM: confuse monster(s)
  4629 | Bailey   | Killed an orc knight
  4629 | Bailey   | Reached skill level 14 in Unarmed Combat
  4631 | Bailey   | XOM: chaos cloud
  4652 | Bailey   | Reached XP level 10. HP: 17/88 MP: 4/4
  4711 | Bailey   | XOM: mild Necr miscast
  4751 | Bailey   | Noticed an orc knight
  4751 | Bailey   | Noticed an orc warlord
  4751 | Bailey   | Noticed an orc knight
  4762 | Bailey   | XOM: divination: magic mapping
  5027 | D:9      | Found a staircase to the Lair.
  5032 | D:9      | XOM: cast spell 'Olgreb's Toxic Radiance'
  5034 | D:9      | XOM: summons friendly quasit
  5040 | D:9      | XOM: divination: detect items
  5051 | D:9      | XOM: enchant monster (good)
  5054 | D:9      | XOM: mild Conj miscast
  5062 | D:9      | XOM: potion effect (brilliance)
  5067 | D:9      | XOM: enchant monster (good)
  5068 | D:9      | XOM: summons friendly shadow imp
  5082 | D:9      | HP: 2/93 [basilisk (15)]
  5224 | D:9      | Killed an unseen horror
  5224 | D:9      | Reached skill level 5 in Fighting
  5275 | D:9      | XOM: colour smoke trail
  5362 | D:9      | XOM: harmless Air miscast
  5440 | D:9      | Noticed a centaur warrior
  5452 | D:9      | Killed a centaur warrior
  5493 | D:9      | Noticed a gargoyle
  5499 | D:9      | Killed a gargoyle
  5672 | D:9      | XOM: harmless Divn miscast
  5735 | D:9      | XOM: potion effect (agility)
  5888 | Lair:1   | Entered Level 1 of the Lair of Beasts
  5891 | Lair:1   | Identified a scroll of acquirement
  5894 | Lair:1   | Got an encrusted hat
  5900 | Lair:1   | Identified the +0 hat of the Worm {Str+7 Stlth-} (You acquired it on level 1 of the Lair of Beasts)
  5901 | Lair:1   | Noticed Fannar
  5904 | Lair:1   | XOM: potion effect (agility)
  6142 | D:10     | Entered Level 10 of the Dungeon
  6299 | D:10     | XOM: harmless Chrm miscast
  6324 | D:10     | XOM: harmless Trmt miscast
  6390 | D:10     | XOM: confuse monster(s)
  6397 | D:10     | XOM: polymorph hippogriff -> fire drake
  6405 | D:10     | Reached XP level 11. HP: 102/110 MP: 4/4
  6533 | D:10     | XOM: summons friendly shadow imp
  6744 | D:10     | XOM: harmless Conj miscast
  6838 | D:9      | Noticed a seven-headed hydra
  6872 | D:9      | XOM: cast spell 'Ice Form'
  6902 | Lair:1   | XOM: fog
  6908 | Lair:1   | Killed Fannar
  7072 | Lair:1   | XOM: confuse monster(s)
  7081 | Lair:1   | XOM: summons friendly ufetubus
  7355 | Lair:1   | XOM: cast spell 'Ice Form'
  7359 | Lair:1   | XOM: god gift: blackened book {god gift}
  7360 | Lair:1   | Identified Xom's Grimoire of Megalomania (Xom gifted it to you on level 1 of the Lair of Beasts)
  7528 | Lair:2   | Noticed Erica
  7543 | Lair:2   | Killed Erica
  7791 | Lair:2   | XOM: chaos cloud
  8084 | Lair:3   | XOM: summons friendly ufetubus
  8088 | Lair:3   | Reached skill level 10 in Fighting
  8321 | Lair:3   | XOM: cast spell 'Olgreb's Toxic Radiance'
  8371 | Lair:3   | XOM: god gift: phantom mirror
  8378 | Lair:3   | Got a twisted robe
  8389 | Lair:3   | Identified the +1 robe of the Duchess {Regen+ Int+5 Stlth-} (You found it on level 3 of the Lair of Beasts)
  8405 | Lair:3   | Reached skill level 1 in Dodging
  8448 | Lair:3   | XOM: god gift: 60 gold pieces
  8668 | Lair:4   | Found a staircase to the Shoals.
  8998 | Lair:4   | XOM: summons friendly ufetubus
  9103 | Lair:4   | XOM: mild Divn miscast
  9194 | Lair:4   | XOM: potion effect (heal wounds)
  9259 | Lair:4   | XOM: summons 2 friendly demons
  9270 | Lair:4   | XOM: god gift: runed bronze ring {god gift}
  9271 | Lair:4   | Reached XP level 12. HP: 58/127 MP: 5/5
  9280 | Lair:4   | XOM: mild Tloc miscast
  9637 | Lair:5   | XOM: summons friendly crimson imp
  9641 | Lair:5   | Reached skill level 15 in Unarmed Combat
  9666 | Lair:5   | XOM: enchant monster (good)
  9694 | Lair:4   | XOM: divination: detect creatures
  9913 | Lair:5   | XOM: confuse monster(s)
  9914 | Lair:5   | XOM: summons friendly quasit
  9955 | Lair:5   | XOM: give mutations
  9955 | Lair:5   | Gained mutation: Your magical capacity is low (-10% MP). [Xom's mischief]
  9955 | Lair:5   | Gained mutation: You are resistant to hostile enchantments. [Xom's mischief]
  9955 | Lair:5   | Gained mutation: You are clumsy. (Dex -2) [Xom's mischief]
  9955 | Lair:5   | Gained mutation: Armour fits poorly on your strangely shaped body. [Xom's mischief]
 10076 | Lair:5   | Lost mutation: Your magical capacity is low (-10% MP). [potion of cure mutation]
 10076 | Lair:5   | Lost mutation: Armour fits poorly on your strangely shaped body. [potion of cure mutation]
 10076 | Lair:5   | Lost mutation: You are clumsy. (Dex -2) [potion of cure mutation]
 10108 | Lair:5   | XOM: potion effect (heal wounds)
 10119 | Lair:5   | XOM: potion effect (berserk rage)
 10197 | Lair:5   | Found a deep blue altar of Sif Muna.
 10220 | Lair:5   | XOM: potion effect (brilliance)
 10224 | Lair:5   | XOM: divination: detect items
 10229 | Lair:5   | XOM: potion effect (might)
 10236 | Lair:5   | XOM: divination: detect creatures
 10330 | Lair:5   | XOM is BORED!
 10330 | Lair:5   | XOM: silly message
 10528 | Lair:6   | Found a staircase to the Slime Pits.
 10584 | Lair:6   | XOM: divination: detect creatures
 10727 | Lair:6   | Reached skill level 16 in Unarmed Combat
 10748 | Lair:6   | XOM: fog
 10815 | Lair:6   | XOM: give mutations
 10815 | Lair:6   | Gained mutation: You have large cloven feet. [Xom's grace]
 10815 | Lair:6   | Gained mutation: Your flesh is cold resistant. [Xom's grace]
 10815 | Lair:6   | Gained mutation: Your mind is acute. (Int +2) [Xom's grace]
 10815 | Lair:6   | Gained mutation: You are partially covered in rugged brown scales (AC +1, +3% HP). [Xom's grace]
 10894 | Lair:6   | XOM: mild Air miscast
 10896 | Lair:6   | XOM: harmless Erth miscast
 10898 | Lair:6   | Reached skill level 5 in Dodging
 10899 | Lair:6   | XOM: confuse monster(s)
 10902 | Lair:6   | XOM: vitrification
 10928 | Lair:6   | XOM: 5-stop teleportation journey
 11079 | Lair:6   | Found a hole to the Spider Nest.
 11162 | Lair:6   | XOM: summons friendly crimson imp
 11172 | Lair:6   | XOM: 8-stop teleportation journey
 11315 | Lair:6   | XOM: enchant monster (good)
 11356 | Lair:6   | Reached XP level 13. HP: 104/139 MP: 5/5
 11406 | Lair:6   | XOM: harmless Hex miscast
 11590 | Lair:7   | Reached skill level 17 in Unarmed Combat
 11792 | Lair:7   | XOM: summons 10 friendly demons
 11838 | Lair:7   | XOM: vitrification
 11887 | Lair:7   | XOM: give mutation
 11887 | Lair:7   | Gained mutation: You are agile. (Dex +2) [Xom's grace]
 11908 | Lair:8   | Entered Level 8 of the Lair of Beasts
 11976 | Lair:8   | XOM: confuse monster(s)
 12216 | Lair:8   | XOM: potion effect (invisibility)
 12357 | Lair:8   | XOM: polymorph spriggan rider -> sea snake
 12378 | Lair:8   | XOM: enchant monster (good)
 12570 | Lair:8   | XOM is BORED!
 12570 | Lair:8   | XOM: mild Ice miscast
 12578 | Lair:8   | XOM: god gift: war axe {god gift}
 12783 | Lair:8   | XOM: cast spell 'Ice Form'
 12884 | Lair:8   | XOM: enchant monster (good)
 12905 | Lair:8   | Reached skill level 18 in Unarmed Combat
 13313 | Lair:1   | Learned a level 4 spell: Control Teleport
 13370 | D:9      | Noticed a necromancer
 13500 | D:10     | XOM: scenery: 4 doors close
 13505 | D:9      | XOM: potion effect (curing)
 13508 | D:9      | XOM: swap monsters
 13512 | D:9      | Killed a one-headed hydra
 13520 | D:9      | Killed a necromancer
 13955 | D:11     | XOM: give mutations
 13955 | D:11     | Gained mutation: You passively map a small area around you. [Xom's grace]
 13955 | D:11     | Gained mutation: You have a somewhat thin skeletal structure (Dex +2, Stealth). [Xom's grace]
 13955 | D:11     | Gained mutation: You are partially covered in thin metallic scales (AC +2). [Xom's grace]
 14125 | D:11     | Found a roughly hewn altar of Beogh.
 14126 | D:11     | XOM: polymorph orc -> hobgoblin
 14205 | D:11     | Found a deep blue altar of Sif Muna.
 14205 | D:11     | Found a staircase to the Orcish Mines.
 14321 | D:11     | XOM: god gift: 55 gold pieces
 14327 | Orc:1    | Entered Level 1 of the Orcish Mines
 14661 | Orc:3    | Reached XP level 14. HP: 148/148 MP: 5/5
 14861 | Orc:3    | XOM: vitrification
 14903 | Orc:3    | Found a radiant altar of Vehumet.
 14989 | Orc:4    | XOM: noise
 14989 | Orc:4    | Entered Level 4 of the Orcish Mines
 15002 | Orc:4    | XOM is BORED!
 15002 | Orc:4    | XOM: polymorph orc -> giant cockroach
 15032 | Orc:4    | Found a staircase to the Elven Halls.
 15072 | Orc:4    | Found a bloodstained altar of Trog.
 15086 | Orc:4    | XOM: harmless Ice miscast
 15336 | Orc:4    | XOM: mild Conj miscast
 15339 | Orc:4    | Noticed Josephine
 15344 | Orc:4    | XOM: divine lightning (protected)
 15345 | Orc:4    | Killed Josephine
 15347 | Orc:4    | XOM: divination: detect items
 15361 | Orc:4    | XOM: noise
 15363 | Orc:4    | XOM: blink monster(s)
 15511 | Orc:4    | Found Loluicon's Food Emporium.
 15586 | Orc:4    | Found Schonaowk's Magic Scroll Shoppe.
 15599 | Orc:4    | XOM: chaos upgrade
 15611 | Orc:4    | Bought a scroll of teleportation for 48 gold pieces
 15611 | Orc:4    | Bought a scroll of teleportation for 48 gold pieces
 15611 | Orc:4    | Bought a scroll of identify for 32 gold pieces
 15611 | Orc:4    | Bought a scroll of summoning for 152 gold pieces
 15611 | Orc:4    | Bought a scroll of identify for 32 gold pieces
 15661 | Orc:4    | XOM: god gift: 35 gold pieces
 15729 | Orc:4    | XOM: chaos cloud
 15757 | Orc:4    | XOM: mild Pois miscast
 15771 | Orc:4    | Slain by an orc warrior

Action                   |  1- 3 |  4- 6 |  7- 9 | 10-12 | 13-15 || total
-------------------------+-------+-------+-------+-------+-------++-------
Melee: Unarmed           |   118 |   160 |   402 |   804 |   602 ||  2086
       Scimitar          |       |       |       |       |    10 ||    10
Evoke: Wand              |       |       |       |     1 |       ||     1
  Use: Scroll            |     5 |     3 |     8 |    13 |     3 ||    32
       Potion            |       |       |       |    10 |     1 ||    11
 Stab: Confused          |       |     1 |       |     4 |     2 ||     7
       Invisible         |       |       |     5 |       |     2 ||     7
  Eat: Chunk             |    13 |    12 |    24 |    58 |    41 ||   148
